Construct Section Command Post
Selects Australian Defense Battlegroup
Selects Australian Light Infantry Section
Australian Light Infantry Section
Construct Field Infirmary
Selects Defensive Tactics
Construct Platoon Command Post
Unlock Bishop Self-propelled Artillery
Australian Light Infantry Section
Selects CMP 15cwt Supply Run
Bishop Self-propelled Artillery
Selects Artillery Trip Wire Flares
Construct Company Command Post
6-pounder Anti-tank Gun Team
Selects Archer Tank Destroyer
Australian Light Infantry Section